 Dungeon Crawl Stone Soup version 0.29-a0-323-g050149af67 (webtiles) character file.

Game seed: 4327867048870678905

3037 Morbidden the Thaumaturge (level 9, -3/73 (75) HPs)
             Began as a Deep Elf Conjurer on Apr 10, 2022.
             Was an Initiate of the Shining One.
             Succumbed to a wight's poison
             ... on level 7 of the Dungeon.
             The game lasted 00:07:46 (7515 turns).

Morbidden the Thaumaturge (Deep Elf Conjurer)       Turns: 7515, Time: 00:07:47

HP:   -3/73 (75)    AC: 24    Str:  4    XL:     9   Next: 56%
MP:   22/24         EV:  2    Int: 28    God:    the Shining One [......]
Gold: 331           SH:  3    Dex: 13    Spells: 19/26 levels left

rFire   . . .      SeeInvis +   q - +0 long sword
rCold   . . .      Faith    .   w - +0 buckler
rNeg    . . .      Spirit   .   (body armour currently unavailable)
rPois   +          Reflect  .   (helmet currently unavailable)
rElec   .          Harm     .   (cloak currently unavailable)
rCorr   .          Rampage  .   (gloves currently unavailable)
Will    .....      NoTele   +   (boots currently unavailable)
Stlth   +.........              f - amulet of magic regeneration
HPRegen 0.22/turn               i - ring of see invisible
MPRegen 0.59/turn               (no ring)

@: lethally poisoned (-3 -> -33), tree-form, glowing, lightly drained
A: stationary, stasis, torment immunity, boosted hp
a: Renounce Religion


You were on level 7 of the Dungeon.
You worshipped the Shining One.
The Shining One was noncommittal.
You were a tree.
You visited 2 branches of the dungeon, and saw 8 of its levels.

You collected 331 gold pieces.

Inventory:

Hand Weapons
 q - a +0 long sword (weapon)
Armour
 a - a +0 robe (melded)
 o - a +0 helmet (melded)
 w - a +0 buckler (worn)
 J - a +0 pair of gloves (melded)
Jewellery
 f - an amulet of magic regeneration (around neck)
 i - a ring of see invisible (left branch)
 m - a ring of fire
 C - an amulet of the acrobat
 H - a ring of fire
Wands
 p - a wand of flame (22)
Scrolls
 c - a scroll of fear {unknown}
 g - 3 scrolls of immolation {unknown}
 h - 3 scrolls of teleportation {unknown}
 n - 3 scrolls of enchant armour {unknown}
 r - a scroll of fog {unknown}
 s - a scroll of enchant weapon {unknown}
 t - a scroll of summoning {unknown}
 u - a scroll of magic mapping {unknown}
 y - 2 scrolls of torment {unknown}
 B - a scroll of amnesia {unknown}
 F - a scroll of noise {unknown}
 G - a scroll of identify {unknown}
 I - a scroll of silence {unknown}
Potions
 b - a potion of berserk rage {unknown}
 d - 2 potions of lignification
 e - a potion of heal wounds {unknown}
 j - a potion of mutation {unknown}
 k - 2 potions of might {unknown}
 l - a potion of attraction {unknown}
 v - 2 potions of flight {unknown}
 x - 3 potions of brilliance {unknown}
 z - 4 potions of curing {unknown}
 A - a potion of ambrosia {unknown}
 D - a potion of resistance {unknown}
 E - a potion of haste {unknown}


   Skills:
 * Level 3.0 Fighting
 * Level 3.5 Long Blades
 * Level 5.5 Dodging
 + Level 4.7 Stealth
 + Level 0.1 Shields
 * Level 9.3 Spellcasting
 * Level 9.2 Conjurations
 * Level 4.3 Translocations


You had 19 spell levels left.
You knew the following spells:

 Your Spells              Type           Power      Damage    Failure   Level
a - Magic Dart            Conj           100%       1d8       1%          1
b - Searing Ray           Conj           100%       2d8       1%          2
z - Iskenderun's Mystic   Conj/Tloc      50%        2d11      3%          4

Your spell library contained the following spells:

 Spells                   Type           Power      Damage    Failure   Level
 Shock                    Conj/Air       100%       1d9       1%          1
 Blink                    Tloc           74%        N/A       1%          2
 Dazzling Flash           Conj/Hex       78%        N/A       2%          3
 Freeze                   Ice            52%        1d7       6%          1
 Slow                     Hex            52%        N/A       6%          1
 Corpse Rot               Necr/Air       26%        N/A       9%          2
 Poisonous Vapours        Pois/Air       26%        N/A       9%          2
 Fulminant Prism          Conj/Hex       19%        3d11      9%          4
 Hailstorm                Conj/Ice       39%        3d9       9%          4
 Confusing Touch          Hex            13%        N/A       17%         3
 Frozen Ramparts          Ice            26%        1d4       17%         3
 Ozocubu's Armour         Ice            13%        N/A       17%         3
 Swiftness                Air            13%        N/A       17%         3
 Vampiric Draining        Necr           13%        2d6       17%         3
 Manifold Assault         Tloc           37%        N/A       26%         5
 Airstrike                Air            6%         N/A       50%         4
 Summon Forest            Summ/Tloc      12%        N/A       54%         5
 Starburst                Conj/Fire      19%        6d7       80%         6
 Dispersal                Tloc           18%        N/A       83%         6
 Eringya's Noxious Bog    Tmut/Pois      6%         N/A       100%        6
 Ozocubu's Refrigeration  Ice            6%         4d6       100%        7
 Storm Form               Tmut/Air       6%         N/A       100%        7
 Summon Hydra             Summ           6%         N/A       100%        7
 Borgnjor's Revivificati  Necr           6%         N/A       100%        8
 Disjunction              Tloc           18%        N/A       100%        8
 Necromutation            Tmut/Necr      6%         N/A       100%        8
 Death's Door             Necr           6%         N/A       100%        9


Dungeon Overview and Level Annotations

Branches:
Dungeon (7/15)             Temple (1/1) D:7

Altars:
Ashenzari
Cheibriados
Dithmenos
Elyvilon
Fedhas
Gozag
Hepliaklqana
Kikubaaqudgha
Makhleb
Okawaru
Qazlal
Ru
Sif Muna
Trog
Uskayaw
Vehumet
Wu Jian
Xom
Yredelemnul
Zin
The Shining One

Annotations:
D:6 1 runed translucent door, Jortsu's ghost, novice MiFi


Message History

You are poisoned.
You feel sick.
The wight hits you from afar with a +2 trident of venom!
You are more poisoned.
You feel very sick. The wight closely misses you.
Unknown command.
You feel very sick. You block the wight's attack.
Unknown command.
Casting: Searing Ray (safe; 1% risk of failure)
Confirm with . or Enter, or press ? or * to list all spells.
Aiming: Searing Ray (safe; 1% risk of failure)
Press: ? - help, Shift-Dir - straight line, f - wight
Aim: a wight, wielding a +2 trident of venom and wearing a +0 robe (moderately damaged, 83% to hit)
The searing ray hits the wight.
The wight is heavily damaged. (Press . to maintain the ray.)
You feel very sick. You block the wight's attack.
Unknown command.
The searing ray hits the wight!
The wight is almost destroyed.
The searing ray hits the wight.
The wight is severely damaged.
The searing ray hits the wight!
You destroy the wight!
The Shining One accepts your kill.
You feel sick.
The wight hits you from afar with a +2 trident of venom!
* * * LOW HITPOINT WARNING * * *
You feel drained.
* * * LOW HITPOINT WARNING * * *
You are more poisoned.
Unknown command.
It was a potion of lignification.
You turn into a tree.
Your +0 helmet melds into your body.
Your +0 pair of gloves melds into your body.
Your +0 robe melds into your body.
Your roots penetrate the ground.
You die...

.....#######
.###........ ..#
.# #.###########.#
## #.# #...#.# #.#
#.#.#)# #.#
#.#.#z# #.#
#.#.#z#
#.#######.###)#
#...........#♣#
#########........#
.............#.###
#########.#>.#...
#.#..#...#
#.#..#...#
#.#..#!..#
#.#......# #.#
#<#.#


You could see 2 wights.

Vanquished Creatures
  An unseen horror (D:7)
  A gargoyle (D:6)
  A hornet (D:7)
  A shadow (D:5)
  A steam dragon (D:5)
  A black bear (D:4)
  Pargi (D:3)
  2 ice beasts (D:6)
  3 ogres
  A sky beast (D:5)
  A centaur (D:5)
  A kobold brigand (D:7)
  2 phantoms (D:6)
  A bullfrog (D:7)
  2 scorpions (D:5)
  A necrophage (D:5)
  A wight (D:7)
  5 killer bees (D:6)
  A hound (D:6)
  3 jellies
  3 iguanas
  Ijyb (D:3)
  Terence (D:2)
  2 orc wizards (D:3)
  Natasha (D:2)
  Robin (D:3)
  5 adders
  2 ufetubi
  A worm (D:2)
  3 dart slugs
  10 orcs
  3 bats
  5 endoplasms
  2 giant cockroaches
  8 goblins
  7 hobgoblins
  4 jackals (D:3)
  11 kobolds
  4 quokkas
  8 ball pythons
  4 frilled lizards
  5 rats
122 creatures vanquished.

Notes
Turn   | Place    | Note
-------+----------+-------------------------------------------
     0 | D:1      | Morbidden the Deep Elf Conjurer began the quest for the
                  | Orb.
     0 | D:1      | Reached XP level 1. HP: 10/10 MP: 6/6
   248 | D:1      | Reached XP level 2. HP: 15/15 MP: 6/8
   610 | D:1      | Found a faded altar of an unknown god.
  1094 | D:2      | Reached skill level 5 in Conjurations
  1094 | D:2      | Reached XP level 3. HP: 19/19 MP: 7/10
  1097 | D:2      | Learned a level 2 spell: Searing Ray
  1269 | D:2      | Noticed Natasha
  1273 | D:2      | Killed Natasha
  1348 | D:2      | Noticed Terence
  1359 | D:2      | Killed Terence
  1360 | D:2      | Reached XP level 4. HP: 10/24 MP: 3/12
  1964 | D:2      | Learned a level 4 spell: Iskenderun's Mystic Blast
  1988 | D:3      | Noticed Robin
  1993 | D:3      | Killed Robin
  2070 | D:3      | Noticed Ijyb
  2082 | D:3      | Killed Ijyb
  2083 | D:3      | Reached skill level 1 in Translocations
  2083 | D:3      | Reached XP level 5. HP: 2/28 MP: 5/13
  2394 | D:3      | Noticed Pargi
  2402 | D:3      | Killed Pargi
  2658 | D:3      | You fall into a shaft and drop 1 floor!
  2706 | D:4      | Noticed a black bear
  2713 | D:4      | Killed a black bear
  2714 | D:4      | Reached skill level 1 in Fighting
  2714 | D:4      | Reached skill level 5 in Spellcasting
  2714 | D:4      | Reached XP level 6. HP: 34/34 MP: 9/15
  4582 | D:5      | Entered Level 5 of the Dungeon
  4600 | D:5      | Reached XP level 7. HP: 37/38 MP: 13/17
  4659 | D:5      | Noticed a shadow
  4667 | D:5      | Killed a shadow
  4668 | D:5      | Reached skill level 1 in Long Blades
  4728 | D:5      | Noticed a steam dragon
  4736 | D:5      | Killed a steam dragon
  4885 | D:5      | Reached XP level 8. HP: 44/44 MP: 14/20
  5709 | D:6      | Found a runed translucent door.
  5709 | D:6      | Noticed Jortsu's ghost (novice MiFi)
  5955 | D:6      | Noticed a gargoyle
  5964 | D:6      | Killed a gargoyle
  5965 | D:6      | Reached skill level 5 in Dodging
  5965 | D:6      | Reached XP level 9. HP: 23/49 MP: 7/23
  6587 | D:7      | Noticed an unseen horror
  6747 | D:7      | Killed an unseen horror
  7034 | D:7      | Found a staircase to the Ecumenical Temple.
  7049 | Temple   | Entered the Ecumenical Temple
  7423 | Temple   | Became a worshipper of the Shining One
  7514 | D:7      | HP: 2/48 [wight/+2 trident of venom (1)]
  7515 | D:7      | Succumbed to a wight's poison

Illustrated notes

Levels and vault maps discovered:
D:1:      tarquinn_simple_flora_water_c, layout_rooms,
          chequers_ecumenical_altar_simple_redux, kennysheep_flooded_box
D:2:      layout_loops_ring, minmay_unequal, uniq_terence, uniq_natasha
D:3:      layout_loops_ring, serial_aquarium, aquarium_bridge_straight
          [aquarium_subvault_bridge, aquarium_subvault_wall,
          aquarium_subvault_bridge, aquarium_subvault_window],
          aquarium_bridge_straight [aquarium_subvault_bridge,
          aquarium_subvault_window, aquarium_subvault_bridge,
          aquarium_subvault_wall], aquarium_window_1, aquarium_window_2,
          aquarium_window_2, aquarium_view_2e, aquarium_pool_five, minivault_25,
          minmay_quadrilaterals, uniq_pargi, uniq_robin, uniq_ijyb
D:4:      layout_loops_corners, kennysheep_small_square
D:5:      layout_loops_ring
D:6:      layout_loops_ring, gammafunk_ghost_grave
D:7:      layout_basic, mainiacjoe_overflow_catwalk, minmay_temple_entry_glass,
          ebering_dispersal_statue_hall, amethyst_killhole
Temple:   roderic_octagonal_lattice_temple

Skill      XL: |  1  2  3  4  5  6  7  8  9 |
---------------+----------------------------+-----
Conjurations   | 5 6 7 8 9 |  9.2
Spellcasting   | 4 5 6 8 9 |  9.3
Stealth        | 3 4 |  4.7
Translocations | 1 2 3 4 |  4.3
Fighting       | 1 2 3 |  3.0
Dodging        | 3 4 5 |  5.5
Long Blades    | 1 2 3 |  3.5
Shields        | |  0.1

Action                   |  1- 3 |  4- 6 |  7- 9 || total
-------------------------+-------+-------+-------++-------
 Cast: Magic Dart        |    50 |    95 |    24 ||   169
       Searing Ray       |     2 |    11 |    39 ||    52
       Iskenderun's Myst |       |     2 |    19 ||    21
  Use: Potion            |       |       |     2 ||     2
Armor: Robe              |     1 |    10 |     8 ||    19
Dodge: Dodged            |     4 |    23 |    36 ||    63
Block: Buckler           |       |       |     8 ||     8

Table legend: (Time is in decaauts)
 A = Elapsed time spent in this place.
 B = Non-inter-level travel time spent in this place.
 C = Inter-level travel time spent in this place.
 D = Time resting spent in this place.
 E = Time spent auto-exploring this place.
 F = Levels seen in this place.
 G = Mean time per level.
                   A        B        C        D        E       F      G
               +--------+--------+--------+--------+--------+-----+--------+
         Total |   7516 |   7118 |    398 |    751 |   5648 |   8 |  939.5 |
       Dungeon |   7117 |   6759 |    358 |    751 |   5313 |   7 | 1016.7 |
        Temple |    398 |    358 |     40 |      0 |    335 |   1 |  398.0 |
               +--------+--------+--------+--------+--------+-----+--------+

Top non-repeatable levels by time:
     D:3: 1563 daAuts
     D:2: 1111 daAuts
     D:6: 1093 daAuts
     D:4: 1049 daAuts
     D:5: 972 daAuts
     D:1: 858 daAuts
     D:7: 468 daAuts
  Temple: 398 daAuts
